 Dungeon Crawl Stone Soup version 0.29-a0-283-ga02f740833 (webtiles) character file.

Game seed: 18139387585753390537

16 enile the Skirmisher (level 2, -10/31 HPs)
             Began as an Ogre Fire Elementalist on Mar 13, 2022.
             Was a Follower of Trog.
             Mangled by Terence
             ... wielding a +3 flail of pain
              (14 damage)
             ... on level 2 of the Dungeon.
             The game lasted 00:02:04 (1928 turns).

enile the Skirmisher (Ogre Fire Elementalist)       Turns: 1928, Time: 00:02:04

Health: -10/31     AC:  3    Str: 16 (17) XL:     2   Next: 58%
Magic:  14/14      EV:  9    Int: 14 (16) God:    Trog [*.....]
Gold:   175        SH:  0    Dex:  8 (9)  Spells: 4/5 levels left

rFire   . . .      SeeInvis .   k - +5 short sword of Semois {venom, *Noise rElec rN+ MP+9}
rCold   . . .      Faith    .   (no shield)
rNeg    + . .      Spirit   .   a - +0 robe
rPois   .          Reflect  .   (helmet restricted)
rElec   +          Harm     .   (no cloak)
rCorr   .          Rampage  .   (gloves unavailable)
Will    .....                   (boots unavailable)
Stlth   +.........              (no amulet)
HPRegen 0.10/turn               m - +6 ring of strength
MPRegen 0.14/turn               (no ring)

@: about to teleport, on berserk cooldown, slowed, very slow
A: large, unfitting armour, tough skin 1
a: Renounce Religion, Berserk


You were on level 2 of the Dungeon.
You worshipped Trog.
Trog was aware of your devotion.
You visited 1 branch of the dungeon, and saw 2 of its levels.

You collected 175 gold pieces.

Inventory:

Hand Weapons
 f - a +0 war axe
 k - the +5 short sword of Semois (weapon) {venom, *Noise rElec rN+ MP+9}
   (You found it on level 2 of the Dungeon)

   It poisons the flesh of those it strikes.
   rElec:     It insulates you from electricity.
   rN:        It protects you from negative energy.
   MP:        It affects your magic capacity (+9).
   *Noise:    It may make noises in combat.
 o - a +2 dagger of venom
Missiles
 h - 40 stones
 i - 5 javelins (quivered)
 j - 4 poisoned darts
Armour
 a - a +0 robe (worn)
Jewellery
 m - a +6 ring of strength (left hand)
Scrolls
 d - 2 scrolls of vulnerability {unknown}
 l - a scroll of teleportation
Potions
 b - a potion of magic


   Skills:
 + Level 3.0 Fighting
 - Level 1.7 Dodging
 - Level 1.4 Stealth
 - Level 2.4 Spellcasting
 - Level 0.8 Conjurations
 - Level 2.6 Fire Magic


You had 4 spell levels left.
You knew the following spells:

 Your Spells              Type           Power      Damage    Failure   Level
a - Foxfire               Conj/Fire      24%        2x1d5     11%         1

Your spell library contained the following spells:

 Spells                   Type           Power      Damage    Failure   Level
 Scorch                   Fire           18%        2d6       12%         2
 Magic Dart               Conj           16%        1d3       16%         1
 Searing Ray              Conj           8%         2d4       24%         2
 Conjure Flame            Conj/Fire      6%         6-21      32%         3
 Inner Flame              Hex/Fire       5%         N/A       36%         3
 Flame Wave               Conj/Fire      6%         2d5       73%         4
 Fulminant Prism          Conj/Hex       1%         3d6       88%         4


Dungeon Overview and Level Annotations

Branches:
Dungeon (2/15)

Altars:
Ashenzari
Trog

Shops:
D:1 (

Annotations:
D:2 Terence


Innate Abilities, Weirdness & Mutations

You are too large for most types of armour.
You have tough skin. (AC +1)


Message History

Terence moves out of view.
A rat comes into view.
Terence and a goblin come into view.
Terence is wielding a +3 flail of pain.
The goblin shouts!
Terence hits you with a +3 flail of pain!
A frilled lizard comes into view.
You barely miss Terence.
Terence hits you with a +3 flail of pain!
Okay, then.
As you read the scroll labelled TUONUL PIPSE, it crumbles to dust.
It is a scroll of amnesia.
Okay, then.
Terence hits you with a +3 flail of pain!
* * * LOW HITPOINT WARNING * * *
A red film seems to cover your vision as you go berserk!
You feel yourself moving faster!
You feel mighty! Terence barely misses you.
You feel a strong urge to attack something.
You feel your anger nearly subside.
You are no longer berserk.
You are exhausted.
You feel yourself slow down.
As you read the scroll labelled CURRUPURHI, it crumbles to dust.
The creatures around you are filled with an inner flame!
It was a scroll of immolation.
As you read the scroll labelled IPLOGOJOMA, it crumbles to dust.
You assume a fearsome visage.
Terence looks frightened!
The rat looks frightened!
It was a scroll of fear.
Okay, then.
The goblin hits you with a +0 club.
* * * LOW HITPOINT WARNING * * *
Okay, then.
It was a potion of degeneration.
There was something very wrong with that liquid.
You feel weakened.
You feel dopey.
You feel clumsy. Terence barely misses you. The goblin hits you with a +0 club.
* * * LOW HITPOINT WARNING * * *
As you read the scroll labelled WOT MULOYN, it crumbles to dust.
You feel strangely unstable.
It was a scroll of teleportation.
Terence hits you with a +3 flail of pain!
You die...

##.# # ....
#..# .# ....
#.## ##.###.
>... ###.##
....... ....
#....##.....#
....
#..#..#....#
##
#..........#
#.
#....@g....#
#.
#..._.@#####
#. ##.....#
#. #.....###
# #
####....#.#
#....#.# #.
#...<..# ##
#......# #.
##.....# #.
#†...## #.


You could see Terence (inner flame) and a goblin.

Vanquished Creatures
  3 bats
  An endoplasm (D:2)
  A giant cockroach (D:1)
  2 ball pythons
  3 frilled lizards
  A goblin (D:2)
  4 kobolds
  3 rats
18 creatures vanquished.

Vanquished Creatures (others)
  24 foxfires (D:1)
24 creatures vanquished.

Grand Total: 42 creatures vanquished

Notes
Turn   | Place    | Note
-------+----------+-------------------------------------------
     0 | D:1      | enile the Ogre Fire Elementalist began the quest for the
                  | Orb.
     0 | D:1      | Reached XP level 1. HP: 16/16 MP: 3/3
   159 | D:1      | Reached skill level 1 in Fighting
   236 | D:1      | Found a faded altar of an unknown god.
   409 | D:1      | Prayed at the altar of an unknown god.
   409 | D:1      | Became a worshipper of Trog the Wrathful
   409 | D:1      | Reached * piety under Trog
   633 | D:1      | Found Purokil's Antique Weapon Shop.
   648 | D:1      | Reached skill level 2 in Fighting
   791 | D:1      | Reached XP level 2. HP: 28/28 MP: 5/5
  1367 | D:2      | Identified the +5 short sword of Semois {venom, *Noise
                  | rElec rN+ MP+9}
  1895 | D:2      | Reached skill level 3 in Fighting
  1896 | D:2      | Found a broken altar of Ashenzari.
  1910 | D:2      | Noticed Terence
  1928 | D:2      | Mangled by Terence

Illustrated notes

Levels and vault maps discovered:
D:1:      nicolae_arrival_washed_ashore, layout_basic, serial_shops, shop,
          hellmonk_ecumenical_altar_heavens_door
D:2:      layout_rooms, basic_altar, uniq_terence, uniq_crazy_yiuf_cottage

Skill      XL: |  1  2 |
---------------+-------+-----
Fighting       | 2 3 |  3.0
Dodging        | |  1.7
Stealth        | |  1.4
Spellcasting   | |  2.4
Conjurations   | |  0.8
Fire Magic     | |  2.6

Action                   || total
-------------------------++-------
Melee: Unarmed           ||    27
       Punch             ||     1
       Short sword       ||    11
       War axe           ||    11
 Cast: Foxfire           ||    13
Invok: Berserk           ||     1
  Use: Scroll            ||     4
       Potion            ||     1
 Stab: Sleeping          ||     3
Armor: Robe              ||    26
Dodge: Dodged            ||    36

Table legend: (Time is in decaauts)
 A = Elapsed time spent in this place.
 B = Non-inter-level travel time spent in this place.
 C = Inter-level travel time spent in this place.
 D = Time resting spent in this place.
 E = Time spent auto-exploring this place.
 F = Levels seen in this place.
 G = Mean time per level.
                   A        B        C        D        E       F      G
               +--------+--------+--------+--------+--------+-----+--------+
         Total |   1935 |   1717 |    218 |      0 |   1509 |   2 |  967.5 |
       Dungeon |   1935 |   1717 |    218 |      0 |   1509 |   2 |  967.5 |
               +--------+--------+--------+--------+--------+-----+--------+

Top non-repeatable levels by time:
     D:1: 1306 daAuts
     D:2: 628 daAuts
